 Dungeon Crawl Stone Soup version 0.25.1-2-g60ff931df9 (webtiles) character file.

Game seed: 10946705392495885891

32567 funkygono the Destroyer (level 13, 0/66 HPs)
             Began as a Gargoyle Conjurer on Oct 30, 2020.
             Was a High Priest of Vehumet.
             Shot with an arrow by Nessos (8 damage)
             ... on level 5 of the Lair of Beasts on Oct 31, 2020.
             The game lasted 01:01:16 (19905 turns).

funkygono the Destroyer (Gargoyle Conjurer)        Turns: 19905, Time: 01:01:16

Health: 0/66       AC: 15    Str: 12    XL:     13   Next: 65%
Magic:  32/39      EV: 14    Int: 21    God:    Vehumet [*****.]
Gold:   956        SH:  0    Dex: 10    Spells: 24/38 levels left

rFire    . . .     SeeInvis .   h - +0 demon whip (venom)
rCold    + + +     Gourm    .   (no shield)
rNeg     + + .     Faith    .   B - +1 robe {rC+}
rPois    ∞         Spirit   .   R - +0 helmet
rElec    +         Reflect  .   D - +1 cloak "Gahokyts" {*Corrode rPois rC+++ MP+9}
rCorr    .         Harm     .   (no gloves)
MR       .....                  (no boots)
Stlth    ++........             p - amulet of the acrobat
HPRegen  0.21/turn              K - +4 ring of slaying
MPRegen  0.26/turn              A - ring of positive energy

@: frozen ramparts, studying Ice Magic
A: negative energy resistance 1, electricity resistance, unbreathing,
petrification resistance, rot immunity, AC +9
a: Renounce Religion


You were on level 5 of the Lair of Beasts.
You worshipped Vehumet.
Vehumet was extremely pleased with you.
You were not hungry.

You visited 3 branches of the dungeon, and saw 17 of its levels.
You also visited: Ice Cave.

You collected 956 gold pieces.

Inventory:

Hand Weapons
 h - a +0 demon whip of venom (weapon)
 t - a +6 whip of draining
Missiles
 j - 538 stones (quivered)
Armour
 y - a +0 cloak of preservation
 B - a +1 robe of cold resistance (worn)
 D - the +1 cloak "Gahokyts" (worn) {*Corrode rPois rC+++ MP+9}
   (You found it on level 9 of the Dungeon)

   It renders you almost immune to cold.
   It protects you from poison.
   It affects your magic capacity (+9).
   It may corrode you when you take damage.
 J - a +1 cloak of cold resistance
 O - a +2 cloak
 R - a +0 helmet (worn)
Magical Staves
 n - an uncursed staff of earth
 r - an uncursed staff of death
 G - an uncursed staff of cold
Jewellery
 f - an uncursed ring of ice
 p - an amulet of the acrobat (around neck)
 A - a ring of positive energy (right hand)
 F - an uncursed ring of flight
 K - a +4 ring of slaying (left hand)
Wands
 q - a wand of disintegration (15)
 u - a wand of acid (15)
 v - a wand of digging (5)
 M - a wand of iceblast (38)
 N - a wand of paralysis (11)
Scrolls
 d - 2 scrolls of fog
 k - 2 scrolls of amnesia
 w - 4 scrolls of teleportation
 x - 6 scrolls of identify
 E - 2 scrolls of magic mapping
 P - 2 scrolls of remove curse
Potions
 b - 6 potions of haste
 e - 2 potions of magic
 g - a potion of lignification
 i - 2 potions of ambrosia
 l - 3 potions of flight
 m - 5 potions of heal wounds
 o - 2 potions of mutation
 s - 3 potions of brilliance
 z - a potion of might
 H - 6 potions of curing
 I - a potion of stabbing
 L - a potion of berserk rage
Books
 a - a manual of Ice Magic
 C - a manual of Ice Magic
Miscellaneous
 S - a box of beasts
Comestibles
 c - 25 rations
 Q - a chunk of flesh


   Skills:
 + Level 1.8 Fighting
 + Level 1.6 Maces & Flails
 + Level 5.2 Dodging
 - Level 2.1 Stealth
 + Level 13.1 Spellcasting
 + Level 13.3 Conjurations
 + Level 1.0 Hexes
 + Level 4.2 Translocations
 + Level 3.7 Fire Magic
 + Level 9.0 Ice Magic
 + Level 6.8 Earth Magic


You had 24 spell levels left.
You knew the following spells:

 Your Spells              Type           Power        Failure   Level  Hunger
a - Magic Dart            Conj           ####         0%          1    None
b - Searing Ray           Conj           ######       1%          2    None
c - Iskenderun's Mystic   Conj/Tloc      ######..     1%          4    None
d - Sandblast             Erth           #####.       1%          1    None
e - Frozen Ramparts       Ice            ######       1%          3    None
f - Inner Flame           Hex/Fire       ###.....     1%          3    None

Your spell library contained the following spells:

 Spells                   Type           Power        Failure   Level  Hunger
 Irradiate                Conj/Tmut      #####.....   2%          5    ####...
 Apportation              Tloc           ####..       1%          1    None
 Dazzling Flash           Conj/Hex       #####.       1%          3    None
 Fulminant Prism          Conj/Hex       #####.....   1%          4    None
 Lesser Beckoning         Tloc           ####......   2%          3    None
 Summon Butterflies       Summ           ##......     4%          1    None
 Tukima's Dance           Hex            ###.....     10%         3    None
 Alistair's Intoxication  Tmut/Pois      ##......     78%         5    ####...
 Invisibility             Hex            ###.....     99%         6    #####..


Dungeon Overview and Level Annotations

Branches:
Dungeon (11/15)            Temple (1/1) D:4            Lair (5/6) D:11
 Shoals (0/4) Lair:4        Snake (0/4) Lair:2          Orc (0/2) D:10
  IceCv (visited)
  Slime: Lair:5-6

Altars:
Ashenzari
Cheibriados
Dithmenos
Elyvilon
Fedhas
Gozag
Hepliaklqana
Kikubaaqudgha
Makhleb
Nemelex Xobeh
Okawaru
Qazlal
Ru
Sif Muna
Trog
Uskayaw
Vehumet
Wu Jian
Xom
Yredelemnul
Zin
The Shining One
Beogh

Shops:
D:10 (

Annotations:
D:6 3 runed translucent doors, lepoulpe303's ghost, novice SpEE
D:8 3 runed translucent doors, Bvern's ghost, novice OpEE
Lair:1 exclusion: oklob plant
Lair:5 Nessos


Innate Abilities, Weirdness & Mutations

You are resistant to torment.
Your stone body is resilient. (AC +9)
You are immune to poison.
You resist negative energy. (rN+)
You are resistant to electric shocks. (rElec)
You can survive without breathing.
You are immune to petrification.
You are immune to rotting.


Message History

Press: ? - help, Shift-Dir - straight line, f/p - Nessos
Aim: Nessos, wearing a +0 centaur barding and quivering 20 arrows (severely wounded, fast, strong)
Your line of fire to Nessos is blocked by a plant.
Continue anyway? [Y]es or [N]o only, please.
Your line of fire to Nessos is blocked by a plant.
Continue anyway?
Okay, then.
Nessos wields a +2 longbow of flaming.
It bursts into flame!
Nessos shoots an arrow.
The arrow hits you!! The arrow burns you!
You see here an arrow.
Casting: Magic Dart (safe; 0% risk of failure)
Confirm with . or Enter, or press ? or * to list all spells.
Aiming: Magic Dart (safe; 0% risk of failure)
Press: ? - help, Shift-Dir - straight line, f/p - Nessos
Aim: Nessos, wielding a +2 longbow of flaming, wearing a +0 centaur barding and quivering 19 arrows (severely wounded, fast, strong)
The magic dart hits Nessos but does no damage.
Nessos is severely wounded.
Nessos shoots an arrow.
The arrow hits you!!
* * * LOW HITPOINT WARNING * * *
The arrow burns you!
You die...

#####.#......##.....
####.PP##..............
.............#####.P...
.............# #.⌠...
..#.P.c......# #.P...
#.....P.#..# #.....
###....##..# ##+#..
##.P...##..# #..
#P..@.###..# #..
##P.P.(# #.# ##...## #.
#...# # P .....# .P
........ ..#
........... ....
.#..#.......
####.P..##.#


You could see Nessos (fast, strong).

Vanquished Creatures
  Fannar (Lair:3)
  5 hydras
  A two-headed ogre (D:11)
  A necromancer (IceCv)
  A manticore (Lair:4)
  An ugly thing (D:11)
  4 elephants (Lair:5)
  Maurice (D:11)
  An ice statue (IceCv)
  4 black mambas
  A gargoyle (D:11)
  5 spiny frogs
  2 rime drakes
  2 komodo dragons
  10 freezing wraiths (IceCv)
  A troll (D:9)
  A wolf spider simulacrum (IceCv)
  7 hippogriffs
  A merfolk (D:10)
  9 blink frogs
  5 dream sheep (Lair:5)
  Sigmund (D:4)
  4 wyverns
  Grum (D:9)
  15 yaks
  4 hungry ghosts
  A warg (D:10)
  2 death yak simulacra (IceCv)
  A naga (Lair:2)
  7 water moccasins
  Duvessa (D:4)
  A sky beast (D:5)
  2 orc warriors
  9 porcupines
  18 ice beasts
  A black bear (D:6)
  4 ogres
  A phantom (D:10)
  9 wolves
  2 centaurs (D:10)
  8 crocodiles
  Blork the orc (D:4)
  2 big kobolds
  8 bullfrogs
  2 gnoll sergeants (D:9)
  Dowan (D:4)
  A water moccasin skeleton (D:8)
  A scorpion (D:4)
  A wight (D:8)
  17 killer bees
  7 howler monkeys
  5 crimson imps
  A centaur zombie (D:5)
  A quasit (D:10)
  6 draconian simulacra (IceCv)
  2 orc priests
  3 hounds
  2 jellies
  A bullfrog skeleton (D:9)
  6 orc wizards
  Natasha (D:3)
  2 iguanas
  Ijyb (D:4)
  A spriggan simulacrum (IceCv)
  9 worker ants
  A polar bear simulacrum (IceCv)
  6 troll simulacra (IceCv)
  A killer bee zombie (D:9)
  2 centaur simulacra (IceCv)
  A hound zombie (D:8)
  A mummy (D:8)
  2 howler monkey skeletons
  10 gnolls
  10 adders
  A naga simulacrum (IceCv)
  4 ogre simulacra (IceCv)
  2 shadow imps
  12 white imps (IceCv)
  2 oozes
  An adder skeleton (D:8)
  An adder zombie (D:6)
  A worm (D:2)
  3 leopard geckos
  37 orcs
  5 giant cockroaches
  6 goblins
  8 hobgoblins
  17 jackals
  7 quokkas
  8 bats
  6 frilled lizards
  17 kobolds
  A leopard gecko zombie (D:6)
  5 rats
  2 plants
418 creatures vanquished.

Vanquished Creatures (others)
  A wizard (D:11)
  2 fungi
3 creatures vanquished.

Grand Total: 421 creatures vanquished

Notes
Turn   | Place    | Note
-------+----------+-------------------------------------------
     0 | D:1      | funkygono the Gargoyle Conjurer began the quest for the
                  | Orb.
     0 | D:1      | Reached XP level 1. HP: 10/10 MP: 3/3
   223 | D:1      | Reached XP level 2. HP: 15/15 MP: 0/5
   227 | D:1      | Learned a level 2 spell: Searing Ray
   315 | D:1      | Reached skill level 5 in Conjurations
   734 | D:1      | Reached XP level 3. HP: 19/19 MP: 3/6
  1537 | D:2      | Reached XP level 4. HP: 24/24 MP: 2/8
  2313 | D:3      | Noticed Natasha
  2316 | D:3      | Killed Natasha
  2316 | D:3      | Reached XP level 5. HP: 28/28 MP: 5/10
  3337 | D:4      | Learned a level 4 spell: Iskenderun's Mystic Blast
  3485 | D:4      | Noticed an ogre
  3491 | D:4      | Killed an ogre
  3491 | D:4      | Reached XP level 6. HP: 32/32 MP: 2/12
  3571 | D:4      | Noticed Blork the orc
  3577 | D:4      | Killed Blork the orc
  3733 | D:4      | Noticed Sigmund
  3753 | D:4      | Killed Sigmund
  3753 | D:4      | Reached skill level 5 in Spellcasting
  3753 | D:4      | Reached XP level 7. HP: 27/36 MP: 8/14
  3873 | D:4      | Noticed Ijyb
  3880 | D:4      | Killed Ijyb
  4086 | D:4      | Noticed Duvessa
  4087 | D:4      | Noticed Dowan
  4108 | D:4      | Killed Duvessa
  4225 | D:4      | Killed Dowan
  4456 | D:4      | Found a staircase to the Ecumenical Temple.
  4463 | Temple   | Entered the Ecumenical Temple
  4682 | Temple   | Became a worshipper of Vehumet
  4750 | D:5      | Entered Level 5 of the Dungeon
  4846 | D:5      | Found a burning altar of Makhleb.
  4852 | D:5      | Reached XP level 8. HP: 41/41 MP: 8/16
  5434 | D:5      | Reached skill level 1 in Translocations
  6245 | D:6      | Found a runed translucent gate.
  6301 | D:6      | Found a runed translucent gate.
  6302 | D:6      | Found a runed translucent gate.
  6302 | D:6      | Noticed lepoulpe303's ghost (novice SpEE)
  6326 | D:6      | Found a roughly hewn altar of Beogh.
  7137 | D:7      | Found a shattered altar of Ashenzari.
  7251 | D:8      | Reached XP level 9. HP: 45/45 MP: 14/19
  7294 | D:8      | Reached * piety under Vehumet
  7294 | D:8      | Offered knowledge of Sandblast by Vehumet.
  7304 | D:8      | Learned a level 1 spell: Sandblast
  7730 | D:8      | Reached skill level 1 in Earth Magic
  8017 | D:8      | Reached skill level 10 in Conjurations
  8419 | D:8      | Found a runed translucent gate.
  8419 | D:8      | Found a runed translucent gate.
  8419 | D:8      | Found a runed translucent gate.
  8419 | D:8      | Noticed Bvern's ghost (novice OpEE)
  8954 | D:9      | Noticed Grum
  8966 | D:9      | Offered knowledge of Freeze by Vehumet.
  8969 | D:9      | Killed Grum
  8969 | D:9      | Reached ** piety under Vehumet
  8969 | D:9      | Reached skill level 1 in Maces & Flails
  9102 | D:9      | Got a polished cloak
  9113 | D:9      | Identified the +1 cloak "Gahokyts" {*Corrode rPois rC+++
                  | MP+9} (You found it on level 9 of the Dungeon)
  9206 | D:9      | Noticed a troll
  9409 | D:9      | Reached XP level 10. HP: 50/50 MP: 22/22
  9862 | D:9      | Got a twisted hand axe
  9863 | D:9      | Identified the +5 hand axe "Durchua" {elec, rC- Int+6} (You
                  | found it on level 9 of the Dungeon)
  9953 | D:10     | Entered Level 10 of the Dungeon
 10051 | D:10     | Offered knowledge of Conjure Flame by Vehumet.
 10288 | D:10     | Reached *** piety under Vehumet
 10488 | D:10     | Found a staircase to the Orcish Mines.
 10744 | D:10     | Found Gaulez's Antique Weapon Emporium.
 11084 | D:11     | Offered knowledge of Frozen Ramparts by Vehumet.
 11093 | D:11     | Reached skill level 5 in Earth Magic
 11098 | D:11     | Learned a level 3 spell: Frozen Ramparts
 11303 | D:11     | Reached skill level 1 in Ice Magic
 11409 | D:11     | Noticed Maurice
 11418 | D:11     | Killed Maurice
 11418 | D:11     | Reached XP level 11. HP: 51/55 MP: 24/24
 11584 | D:11     | Noticed a two-headed ogre
 11597 | D:11     | Killed a two-headed ogre
 11597 | D:11     | Reached skill level 10 in Spellcasting
 11691 | D:11     | Found a staircase to the Lair.
 11704 | D:11     | Noticed a four-headed hydra
 11719 | D:11     | Killed a four-headed hydra
 11719 | D:11     | Reached skill level 1 in Fighting
 11910 | D:11     | Reached **** piety under Vehumet
 11970 | D:11     | Noticed a green ugly thing
 11978 | D:11     | Killed a green ugly thing
 12192 | D:11     | Found a bloodstained altar of Trog.
 12197 | D:11     | Noticed a wizard
 12201 | D:11     | Killed a wizard
 12383 | Lair:1   | Entered Level 1 of the Lair of Beasts
 12411 | Lair:1   | Offered knowledge of Inner Flame by Vehumet.
 12809 | Lair:1   | Reached skill level 5 in Ice Magic
 13210 | Lair:1   | Noticed an oklob plant
 13487 | Lair:1   | Noticed a four-headed hydra
 13497 | Lair:1   | Killed a four-headed hydra
 13497 | Lair:1   | Reached XP level 12. HP: 60/60 MP: 27/27
 14146 | Lair:2   | Found a frozen archway.
 14250 | IceCv    | Entered an ice cave
 14524 | IceCv    | Learned a level 3 spell: Inner Flame
 15447 | IceCv    | Found an ancient bone altar of Kikubaaqudgha.
 15658 | IceCv    | Reached ***** piety under Vehumet
 15660 | IceCv    | Offered knowledge of Irradiate by Vehumet.
 15876 | IceCv    | Reached skill level 1 in Fire Magic
 16532 | Lair:2   | Reached skill level 5 in Dodging
 16728 | Lair:2   | Found a staircase to the Snake Pit.
 17639 | Lair:3   | Noticed Fannar
 17663 | Lair:3   | Killed Fannar
 17663 | Lair:3   | Reached XP level 13. HP: 63/66 MP: 25/29
 17935 | Lair:3   | Reached skill level 1 in Hexes
 19157 | Lair:4   | Found a staircase to the Shoals.
 19891 | Lair:5   | Noticed Nessos
 19905 | Lair:5   | Shot with an arrow by Nessos

Illustrated notes

Levels and vault maps discovered:
D:1:      roderic_dead_forest, layout_basic
D:2:      layout_basic, minmay_pentomino_t4
D:3:      layout_basic, minmay_quadrilaterals, uniq_natasha
D:4:      layout_basic, temple_green, uniq_ijyb, uniq_sigmund,
          uniq_blork_the_orc, uniq_duvessa
D:5:      layout_rooms, bloody_makhleb, first_ration
D:6:      layout_loops_ring, biasface_ghost_orc_armoury
D:7:      layout_gridville, solitary_fountain, minmay_misc_feat_square,
          cheibrodos_ashenzari_chains
D:8:      wad_river_or_something, layout_basic, gup_ossuary_entry_pyramid,
          ebering_ghost_rock_garden
D:9:      layout_rooms, uniq_grum
D:10:     layout_cave_pools, erik_orc_4, serial_shops, shop, hangedman_fish_farm
D:11:     layout_roguey, lair_entry_dummy, hangedman_decor_opposing,
          serial_park_tiny_2, trog_wizard, uniq_maurice
Temple:   nicolae_temple_the_god_donut
Lair:1:   layout_hall_layers, minmay_lair_oklob_items, beast_lair_carwin_10
Lair:2:   layout_cave_pods, guppyfry_snake_entry_island,
          portal_ice_cave_entry_ice_beasts, nicolae_lair_grove_arrangements,
          beast_lair_carwin_6
Lair:3:   layout_cave_pods, uniq_fannar
Lair:4:   layout_loops_ring, minmay_shoals_entry_beasts
Lair:5:   layout_long_grid, slime_altar_1, eino_house_with_fridge, uniq_nessos,
          uniq_sonja, uniq_kirke

Skill      XL: |  1  2  3  4  5  6  7  8  9 10 11 12 13 |
---------------+----------------------------------------+-----
Conjurations   | 5 6 7 8 9 10 11 12 13 | 13.3
Spellcasting   | 3 4 5 7 8 9 11 12 13 | 13.1
Dodging        | 2 3 5 |  5.2
Translocations | 1 3 4 |  4.2
Earth Magic    | 3 5 6 |  6.8
Maces & Flails | 1 |  1.6
Ice Magic      | 1 5 7 9 |  9.0
Fighting       | 1 |  1.8
Fire Magic     | 3 |  3.7
Hexes          | 1 |  1.0
Stealth        | |  2.1

Action                   |  1- 3 |  4- 6 |  7- 9 | 10-12 | 13-15 || total
-------------------------+-------+-------+-------+-------+-------++-------
Melee: Unarmed           |    13 |       |       |       |       ||    13
       Whip              |     9 |       |    21 |     3 |       ||    33
       Demon whip        |       |       |       |     1 |       ||     1
 Cast: Magic Dart        |    35 |    60 |   115 |   178 |    31 ||   419
       Searing Ray       |    11 |    15 |    78 |   177 |    13 ||   294
       Sandblast         |       |       |    14 |     4 |    72 ||    90
       Iskenderun's Myst |       |       |     6 |    12 |       ||    18
       Frozen Ramparts   |       |       |       |    34 |    24 ||    58
       Inner Flame       |       |       |       |     2 |       ||     2
  Use: Scroll            |     5 |     7 |    14 |     7 |     2 ||    35
       Potion            |       |     1 |     1 |       |       ||     2
  Eat: Chunk             |     3 |     5 |    10 |    20 |     7 ||    45
       Ration            |       |     1 |     2 |     2 |       ||     5
Armor: Robe              |    10 |     5 |    27 |    60 |    26 ||   128
Dodge: Dodged            |    23 |    10 |    99 |   274 |    38 ||   444
